 Dungeon Crawl Stone Soup version 0.24-a0-434-gd57e52fea8 (webtiles) character file.

Game seed: 1015043358713588500

10 Xondolf the Grave Robber (level 2, 16/19 HPs)
             Began as a Mummy Necromancer on June 16, 2019.
             Quit the game on level 1 of the Dungeon.
             The game lasted 00:13:55 (838 turns).

Xondolf the Grave Robber (Mummy Necromancer)         Turns: 838, Time: 00:13:55

Health: 16/19      AC:  6    Str: 11    XL:     2   Next: 10%
Magic:  5/6        EV: 10    Int: 14    God:
Gold:   20         SH:  0    Dex: 12    Spells: 6/7 levels left

rFire    x . .     SeeInvis .   h - +0 short sword
rCold    + . .     Gourm    .   (no shield)
rNeg     + + +     Faith    .   f - +0 ring mail (curse)
rPois    ∞         Spirit   .   (no helmet)
rElec    .         Reflect  .   (no cloak)
rCorr    .         Harm     .   (no gloves)
MR       .....                  g - +0 pair of boots
Stlth    +.........             (no amulet)
HPRegen  0.06/turn              (no ring)
MPRegen  0.10/turn              (no ring)

@: no status effects
A: no food or potions, fire vulnerability, cold resistance 1, negative energy
resistance 3, torment resistance, unbreathing
a: no special abilities


You were on level 1 of the Dungeon.
You were not hungry.

You visited 1 branch of the dungeon, and saw 1 of its levels.

You collected 20 gold pieces.

Inventory:

Hand Weapons
 c - a +0 club
 e - a +0 spear
 h - a +0 short sword (weapon)
Missiles
 d - 23 stones (quivered)
Armour
 a - a +0 robe
 b - a +0 scale mail
 f - a cursed +0 ring mail (worn)
 g - a +0 pair of boots (worn)


   Skills:
 + Level 1.7 Dodging
 + Level 1.8 Stealth
 + Level 3.0 Spellcasting
 + Level 4.1 Necromancy


You had 6 spell levels left.
You knew the following spells:

 Your Spells              Type           Power        Failure   Level  Hunger
a - Pain                  Necr           ##..         10%         1    N/A

Your spell library contained the following spells:

 Spells                   Type           Power        Failure   Level  Hunger
 Animate Skeleton         Necr           N/A          10%         1    N/A
 Vampiric Draining        Necr           ##........   28%         3    N/A
 Animate Dead             Necr           N/A          67%         4    N/A
 Regeneration             Chrm/Necr      Unusable     N/A         3    N/A

Dungeon Overview and Level Annotations

Branches:
Dungeon (1/15)

Altars:


Innate Abilities, Weirdness & Mutations

You do not eat or drink.
Your flesh is vulnerable to fire.
You are immune to poison.
Your flesh is cold resistant. (rC+)
You are immune to negative energy. (rN+++)
You are immune to unholy pain and torment.
You can survive without breathing.


Message History

Quiver which item? (- for none, * to show all) (? for menu, Esc to quit)
Okay, then.
Wear which item? (? for menu, Esc to quit)
Okay, then.
You are a level 2 Mummy Necromancer.
You are 10% of the way to level 3.
Play time: 00:13:07 (837 turns)
You are a level 2 Mummy Necromancer.
You are 10% of the way to level 3.
Play time: 00:13:10 (837 turns) Unknown command.
You aren't wearing any rings or amulets.
Unknown command.
Take off which item? (? for menu, Esc to quit)
Okay, then.
Casting: Pain (safe; 10% risk of failure)
Confirm with . or Enter, or press ? or * to list all spells.
Okay, then.
There's nothing to close nearby.
Clearing level map.
You swing at nothing.
Are you sure you want to abandon this character and quit the game? (Confirm with "yes".)

..................#
..................#
.............†....#
...#.#.......#....#
.....#.......#....#
...####......##.###
##...........##..#
#.####.....####.#
#.# #.....# #@##
#.# ##########..#
#.# #.........# ...
#.......#.# ..#
#.......#.#######
..
#.......#........
#........>#######
........###
.........


There were no monsters in sight!

Vanquished Creatures
  A leopard gecko (D:1)
  A goblin (D:1)
  2 hobgoblins (D:1)
  A kobold (D:1)
  2 ball pythons (D:1)
  A bat (D:1)
  A frilled lizard (D:1)
9 creatures vanquished.

Notes
Turn   | Place    | Note
-------+----------+-------------------------------------------
     0 | D:1      | Xondolf the Mummy Necromancer began the quest for the Orb.
     0 | D:1      | Reached XP level 1. HP: 13/13 MP: 4/4
   726 | D:1      | Reached XP level 2. HP: 14/19 MP: 5/5
   838 | D:1      | Quit the game

Levels and vault maps discovered:
D:1:      minmay_arrival_four_circles, layout_basic, kennysheep_crisscross,
          kennysheep_small_spiral

Skill      XL: |  1  2 |
---------------+-------+-----
Spellcasting   | 3 |  3.0
Dodging        | |  1.7
Stealth        | |  1.8
Necromancy     | |  4.1

Action                   || total
-------------------------++-------
Melee: Unarmed           ||    20
       Club              ||    16
 Cast: Pain              ||     1
Armor: Robe              ||     6
       Ring mail         ||     3
Dodge: Dodged            ||    20

Table legend:
 A = Non-vault XP
 B = Vault XP
 C = Vault XP percentage of total XP
 D = Non-vault monster count
 E = Vault monster count
 F = Vault count percentage of total count
                 A         B        C        D         E       F
            +---------+---------+-------+---------+---------+-------
      Total |      15 |       0 |   0.0 |       9 |       0 |   0.0
            +---------+---------+-------+---------+---------+-------
        D:1 |      15 |       0 |   0.0 |       9 |       0 |   0.0
            +---------+---------+-------+---------+---------+-------
